 Dungeon Crawl Stone Soup version 0.31-a0-544-gceb718ecc6 (webtiles) character file.

Game seed: 1918075475747832511

5948 Maratek the Carver (level 10, -9/123 HPs)
             Began as a Gnoll Cinder Acolyte on Aug 15, 2023.
             Was an Initiate of Ignis.
             Succumbed to Grum's poison
             ... on level 9 of the Dungeon.
             The game lasted 00:21:19 (9898 turns).

Maratek the Carver (Gnoll Cinder Acolyte)           Turns: 9898, Time: 00:21:20

Health: -9/123     AC: 14    Str: 17    XL:     10   Next: 84%
Magic:  9/19       EV: 18    Int: 13    God:    Ignis [......]
Gold:   390        SH:  5    Dex:  9    Spells: 15/21 levels left

rFire   + . .        b - +4 halberd (drain)
rCold   . . .        (shield currently unavailable)
rNeg    . . .        g - +2 steam dragon scales
rPois   .            x - +1 hat {SInv}
rElec   .            m - +0 cloak
rCorr   .            p - +1 pair of gloves
SInv    +            s - +0 pair of boots
Will    +....        h - amulet of reflection Stlth
                     f - +5 ring of evasion
HPRegen 0.40/turn    n - ring of willpower
MPRegen 0.16/turn

%: reflection
@: berserking, lethally poisoned (-9 -> -56), very quick
A: fangs 1, strong nose, distributed training
a: Renounce Religion, Rising Flame


You were on level 9 of the Dungeon.
You worshipped Ignis.
Ignis was noncommittal.
You visited 1 branch of the dungeon, and saw 9 of its levels.

You collected 498 gold pieces.
You spent 108 gold pieces at shops.

Inventory:

Hand Weapons
 b - a +4 halberd of draining (weapon)
Missiles
 d - 3 throwing nets
Armour
 g - +2 steam dragon scales (worn)
 m - a +0 cloak (worn)
 p - a +1 pair of gloves (worn)
 s - a +0 pair of boots (worn)
 x - a +1 hat of see invisible (worn)
Jewellery
 f - a +5 ring of evasion (left hand)
 h - an amulet of reflection (around neck)
 n - a ring of willpower (right hand)
Wands
 k - a wand of light (12)
 t - a wand of mindburst (13)
Scrolls
 q - 2 scrolls of identify
 u - 4 scrolls of fog
 y - a scroll of revelation {unknown}
Potions
 a - a potion of enlightenment {unknown}
 c - a potion of berserk rage
 e - a potion of degeneration {unknown}
 i - 2 potions of mutation {unknown}
 j - a potion of might {unknown}
 l - 2 potions of attraction {unknown}
 o - 3 potions of lignification {unknown}
 r - a potion of magic {unknown}
 v - a potion of brilliance {unknown}
 w - a potion of resistance {unknown}


   Skills:
 + Level 8.8 Fighting
 + Level 5.7 Short Blades
 + Level 8.8 Long Blades
 + Level 5.7 Axes
 + Level 5.7 Maces & Flails
 + Level 5.7 Polearms
 + Level 5.7 Staves
 + Level 5.7 Ranged Weapons
 + Level 5.7 Throwing
 + Level 5.7 Armour
 + Level 5.7 Dodging
 + Level 5.7 Stealth
 + Level 5.7 Shields
 + Level 5.7 Unarmed Combat
 + Level 6.4 Spellcasting
 + Level 4.7 Conjurations
 + Level 4.7 Hexes
 + Level 4.7 Summonings
 + Level 4.7 Necromancy
 + Level 4.7 Translocations
 + Level 4.7 Transmutations
 + Level 7.3 Fire Magic
 + Level 4.7 Ice Magic
 + Level 4.7 Air Magic
 + Level 4.7 Earth Magic
 + Level 4.7 Poison Magic
 + Level 6.3 Invocations
 + Level 5.7 Evocations
 + Level 4.7 Shapeshifting


You had 15 spell levels left.
You knew the following spells:

 Your Spells              Type           Power      Damage    Failure   Level
a - Frozen Ramparts       Ice            32%        1d5       7%          3
b - Hailstorm             Conj/Ice       16%        3d6       7%          3

Your spell library contained the following spells:

 Spells                   Type           Power      Damage    Failure   Level
 Scorch                   Fire           46%        2d6       1%          2
 Freeze                   Ice            64%        1d7       2%          1
 Necrotise                Necr           64%        1d7       2%          1
 Sting                    Tmut/Pois      64%        1d6       2%          1
 Ensorcelled Hibernation  Hex/Ice        32%        N/A       3%          2
 Passwall                 Tmut/Erth      13%        N/A       3%          2
 Poisonous Vapours        Pois/Air       32%        N/A       3%          2
 Swiftness                Air            16%        N/A       7%          3
 Vampiric Draining        Necr           16%        2d7       7%          3
 Olgreb's Toxic Radiance  Pois           16%        N/A       22%         4
 Agony                    Necr           16%        N/A       54%         5
 Malign Gateway           Summ/Tloc      8%         N/A       100%        7
 Summon Horrible Things   Summ           8%         N/A       100%        8


Dungeon Overview and Level Annotations

Branches:
Dungeon (9/15)               Lair (0/5) D:8
 Temple: D:4-7          Orc: D:9-12

Altars:
Trog

Shops:
D:8 *

Annotations:
D:6 Jeremiah
D:9 3 runed translucent doors, Grum; Koushar's ghost, novice FeSh; Notanamesir's ghost, novice DrSh


Innate Abilities, Weirdness & Mutations

You have very sharp teeth.
Your uncanny sense of smell can sniff out nearby items.
Your experience applies equally to all skills.


Message History

You block Grum's attack.
Casting: Hailstorm (dangerous; 7% risk of failure)
Press: ? - help, Q - select action, (/) - cycle Dir - look around, f - activate A cannonade of hail descends around you!
The hail pelts the wolf.
The wolf is lightly wounded.
The hail pelts Grum!
Grum is moderately wounded.
The wolf bites you. The wolf barely misses you. You block the wolf's attack.
Grum closely misses you.
You miss the wolf.
The wolf is almost dead.
The wolf barely misses you. The wolf misses you. The wolf barely misses you.
Grum hits you from afar with a -1 glaive of venom!
You are poisoned.
The wolf completely misses you.
You closely miss the wolf.
The wolf is almost dead.
You feel very sick. The wolf completely misses you. The wolf barely misses you.
Grum hits you from afar with a -1 glaive of venom!!
You are lethally poisoned!
You block the wolf's attack. The wolf completely misses you.
Casting: Hailstorm (dangerous; 7% risk of failure)
Press: ? - help, Q - select action, (/) - cycle Dir - look around, f - activate A cannonade of hail descends around you!
The hail pelts Grum!
Grum is moderately wounded.
* * * LOW HITPOINT WARNING * * *
You feel extremely sick. The wolf bites you.
* * * LOW HITPOINT WARNING * * *
The wolf barely misses you.
Grum hits you from afar with a -1 glaive of venom!
* * * LOW HITPOINT WARNING * * *
You are more poisoned.
The wolf closely misses you.
A red film seems to cover your vision as you go berserk!
You feel yourself moving faster!
You feel mighty!
You die...

#......#.##.##.....#.......##..
#.....######............## ..
#......########.........# #.
####.##.....#............. .
###...............#.#.. .
###...........#####.. .
###..........# ##.....##...
##@h..# #...h...... #....g.....
##$.##..... #### ..... ..## ..#
.##


You could see Grum and 2 wolves.

Vanquished Creatures
  Gastronok (D:8)
  Harold (D:9)
  A two-headed ogre (D:9)
  Pikel (D:7)
  An elephant (D:8)
  Maggie (D:7)
  A wyvern (D:8)
  A basilisk (D:8)
  Duvessa (D:7)
  An acid dragon (D:9)
  An ice beast (D:5)
  2 sky beasts
  A black bear (D:6)
  3 centaurs
  An ogre (D:5)
  A wolf (D:9)
  3 kobold brigands
  5 bullfrogs
  2 scorpions
  Dowan (D:7)
  5 killer bees (D:9)
  A howler monkey (D:9)
  2 jellies
  2 orc priests
  2 hounds (D:4)
  An iguana (D:4)
  4 orc wizards
  6 adders
  A white imp (D:6)
  3 ufetubi
  28 orcs
  10 endoplasms
  2 giant cockroaches
  7 goblins
  5 hobgoblins
  4 jackals (D:5)
  15 kobolds
  A quokka (D:2)
  7 ball pythons
  8 bats
  2 frilled lizards
  2 goblin zombies (D:8)
  6 rats
154 creatures vanquished.

Vanquished Creatures (others)
  59 foxfires
59 creatures vanquished.

Grand Total: 213 creatures vanquished

Notes
Turn   | Place    | Note
-------+----------+-------------------------------------------
     0 | D:1      | Maratek the Gnoll Cinder Acolyte began the quest for the
                  | Orb.
     0 | D:1      | Reached XP level 1. HP: 23/23 MP: 4/4
   153 | D:1      | Reached XP level 2. HP: 15/29 MP: 5/5
  1134 | D:1      | Reached XP level 3. HP: 35/35 MP: 7/7
  1314 | D:2      | Found a faded altar of an unknown god.
  1388 | D:2      | Reached skill level 1 in Invocations
  1403 | D:2      | Reached skill level 1 in Short Blades
  1403 | D:2      | Reached skill level 1 in Axes
  1403 | D:2      | Reached skill level 1 in Maces & Flails
  1403 | D:2      | Reached skill level 1 in Polearms
  1403 | D:2      | Reached skill level 1 in Staves
  1403 | D:2      | Reached skill level 1 in Ranged Weapons
  1403 | D:2      | Reached skill level 1 in Throwing
  1403 | D:2      | Reached skill level 1 in Armour
  1403 | D:2      | Reached skill level 1 in Dodging
  1403 | D:2      | Reached skill level 1 in Stealth
  1403 | D:2      | Reached skill level 1 in Shields
  1403 | D:2      | Reached skill level 1 in Unarmed Combat
  1403 | D:2      | Reached skill level 1 in Evocations
  1791 | D:3      | Reached XP level 4. HP: 41/41 MP: 8/8
  2198 | D:3      | Reached skill level 1 in Conjurations
  2198 | D:3      | Reached skill level 1 in Hexes
  2198 | D:3      | Reached skill level 1 in Summonings
  2198 | D:3      | Reached skill level 1 in Necromancy
  2198 | D:3      | Reached skill level 1 in Translocations
  2198 | D:3      | Reached skill level 1 in Transmutations
  2198 | D:3      | Reached skill level 1 in Ice Magic
  2198 | D:3      | Reached skill level 1 in Air Magic
  2198 | D:3      | Reached skill level 1 in Earth Magic
  2198 | D:3      | Reached skill level 1 in Poison Magic
  2198 | D:3      | Reached skill level 1 in Shapeshifting
  2500 | D:4      | Reached XP level 5. HP: 19/47 MP: 9/9
  4009 | D:5      | Entered Level 5 of the Dungeon
  4081 | D:5      | Reached XP level 6. HP: 53/53 MP: 10/10
  4121 | D:5      | Noticed an ice beast
  4153 | D:5      | Killed an ice beast
  4583 | D:5      | Reached XP level 7. HP: 45/60 MP: 12/12
  5223 | D:6      | Noticed Jeremiah
  6253 | D:7      | Noticed Maggie
  6396 | D:7      | Reached XP level 8. HP: 48/63 MP: 14/14
  6470 | D:7      | Noticed Duvessa
  6470 | D:7      | Noticed Dowan
  6485 | D:7      | Killed Duvessa
  6486 | D:7      | Killed Dowan
  6633 | D:7      | HP: 2/67 [acid (8)]
  7076 | D:7      | Killed Maggie
  7436 | D:7      | Noticed Pikel
  7446 | D:7      | Killed Pikel
  7447 | D:7      | Reached skill level 5 in Spellcasting
  7447 | D:7      | Reached XP level 9. HP: 59/74 MP: 16/16
  7612 | D:8      | Noticed Gastronok
  7626 | D:8      | Killed Gastronok
  7627 | D:8      | Reached skill level 5 in Invocations
  7974 | D:8      | Found a staircase to the Lair.
  7975 | D:8      | Noticed an elephant
  8040 | D:8      | Found Nybot's CLEARANCE SALE!.
  8049 | D:8      | Bought a +5 ring of evasion for 108 gold pieces
  8152 | D:8      | Learned a level 3 spell: Frozen Ramparts
  8381 | D:8      | Reached XP level 10. HP: 80/80 MP: 18/18
  8429 | D:8      | Reached skill level 5 in Short Blades
  8429 | D:8      | Reached skill level 5 in Axes
  8429 | D:8      | Reached skill level 5 in Maces & Flails
  8429 | D:8      | Reached skill level 5 in Polearms
  8429 | D:8      | Reached skill level 5 in Staves
  8429 | D:8      | Reached skill level 5 in Ranged Weapons
  8429 | D:8      | Reached skill level 5 in Throwing
  8429 | D:8      | Reached skill level 5 in Armour
  8429 | D:8      | Reached skill level 5 in Dodging
  8429 | D:8      | Reached skill level 5 in Stealth
  8429 | D:8      | Reached skill level 5 in Shields
  8429 | D:8      | Reached skill level 5 in Unarmed Combat
  8429 | D:8      | Reached skill level 5 in Evocations
  9063 | D:8      | Killed an elephant
  9474 | D:9      | Noticed Harold
  9481 | D:9      | Noticed a two-headed ogre
  9487 | D:9      | Killed Harold
  9497 | D:9      | Killed a two-headed ogre
  9733 | D:9      | Learned a level 3 spell: Hailstorm
  9739 | D:9      | Found a runed translucent gate.
  9743 | D:9      | Found a runed translucent gate.
  9743 | D:9      | Found a runed translucent gate.
  9746 | D:9      | Noticed Koushar's ghost (novice FeSh)
  9746 | D:9      | Noticed Notanamesir's ghost (novice DrSh)
  9752 | D:9      | Identified the +3 leather armour "Xereiw" {*Corrode Dex+5}
  9779 | D:9      | Found a bloodstained altar of Trog.
  9886 | D:9      | Noticed Grum
  9897 | D:9      | HP: 1/82 [Grum/-1 glaive of venom (16)]
  9898 | D:9      | Succumbed to Grum's poison

Illustrated notes

Levels and vault maps discovered:
D:1:      evilmike_arrival_rings, layout_loops_corners
D:2:      layout_rooms, ebering_ecumenical_altar_petrified
D:3:      layout_loops_corners
D:4:      layout_rooms
D:5:      layout_basic
D:6:      layout_cave_pools, temple_statues, st_stairs_9,
          sigmund_edmund_badplayer, uniq_jeremiah
D:7:      layout_basic, kennysheep_generic_room_3, uniq_pikel, uniq_maggie,
          uniq_duvessa
D:8:      layout_layer_cave, david_lair_generic, enter_ossuary_4,
          nicolae_shop_clearance, uniq_gastronok
D:9:      layout_cave_pools, kennysheep_mini, lemuel_round_altar,
          gammafunk_ghost_cemetery, kennysheep_generic_room_11, uniq_grum,
          uniq_harold

Skill      XL: |  1  2  3  4  5  6  7  8  9 10 |
---------------+-------------------------------+-----
Invocations    | 1 2 3 4 5 6 |  6.3
Short Blades   | 1 2 4 5 |  5.7
Axes           | 1 2 4 5 |  5.7
Maces & Flails | 1 2 4 5 |  5.7
Polearms       | 1 2 4 5 |  5.7
Staves         | 1 2 4 5 |  5.7
Ranged Weapons | 1 2 4 5 |  5.7
Throwing       | 1 2 4 5 |  5.7
Armour         | 1 2 4 5 |  5.7
Dodging        | 1 2 4 5 |  5.7
Stealth        | 1 2 4 5 |  5.7
Shields        | 1 2 4 5 |  5.7
Unarmed Combat | 1 2 4 5 |  5.7
Evocations     | 1 2 4 5 |  5.7
Spellcasting   | 3 4 5 6 |  6.4
Conjurations   | 1 2 3 4 |  4.7
Hexes          | 1 2 3 4 |  4.7
Summonings     | 1 2 3 4 |  4.7
Necromancy     | 1 2 3 4 |  4.7
Translocations | 1 2 3 4 |  4.7
Transmutations | 1 2 3 4 |  4.7
Ice Magic      | 1 2 3 4 |  4.7
Air Magic      | 1 2 3 4 |  4.7
Earth Magic    | 1 2 3 4 |  4.7
Poison Magic   | 1 2 3 4 |  4.7
Shapeshifting  | 1 2 3 4 |  4.7
Fighting       | 7 8 |  8.8
Long Blades    | 7 8 |  8.8
Fire Magic     | 6 7 |  7.3

Action                     |  1- 3 |  4- 6 |  7- 9 | 10-12 || total
---------------------------+-------+-------+-------+-------++-------
  Melee: Falchion          |    96 |   193 |   210 |       ||   499
         Bite              |     8 |    22 |    31 |     7 ||    68
         Punch             |     1 |     2 |     7 |       ||    10
         Halberd           |       |       |    73 |    99 ||   172
   Cast: Frozen Ramparts   |       |       |     1 |     2 ||     3
         Hailstorm         |       |       |       |     4 ||     4
 Invoke: Foxfire Swarm     |     2 |       |     2 |     2 ||     6
         Fiery Armour      |     1 |     2 |     1 |       ||     4
  Evoke: Wand              |       |       |     3 |       ||     3
    Use: Scroll            |       |     4 |     8 |     1 ||    13
         Potion            |       |       |     5 |     1 ||     6
   Stab: Sleeping          |     1 |       |     3 |     3 ||     7
 Armour: Robe              |    26 |    23 |       |       ||    49
         Scale mail        |       |    47 |       |       ||    47
         Plate armour      |       |    33 |   160 |       ||   193
         Steam dragon scal |       |       |    47 |    36 ||    83
  Dodge: Dodged            |    52 |    55 |    82 |   142 ||   331
  Block: Other             |       |    31 |    64 |    26 ||   121
         Reflection        |       |       |     1 |     3 ||     4

Table legend: (Time is in decaauts)
 A = Elapsed time spent in this place.
 B = Non-inter-level travel time spent in this place.
 C = Inter-level travel time spent in this place.
 D = Time resting spent in this place.
 E = Time spent auto-exploring this place.
 F = Levels seen in this place.
 G = Mean time per level.
                   A        B        C        D        E       F      G
               +--------+--------+--------+--------+--------+-----+--------+
         Total |   9920 |   9853 |     67 |   3168 |   4929 |   9 | 1102.2 |
       Dungeon |   9920 |   9853 |     67 |   3168 |   4929 |   9 | 1102.2 |
               +--------+--------+--------+--------+--------+-----+--------+

Top non-repeatable levels by time:
     D:7: 2054 daAuts
     D:8: 1830 daAuts
     D:4: 1524 daAuts
     D:5: 1323 daAuts
     D:1: 1265 daAuts
     D:3: 744 daAuts
     D:9: 467 daAuts
     D:2: 466 daAuts
     D:6: 244 daAuts
